 Dungeon Sprint DCSS version 0.28-a0-514-g0d7ab7f379 (webtiles) character file.

Game seed: 7816659817657525009

900000 varam the Spry (level 13, -7/75 HPs)
             Began as a Djinni Hedge Wizard on Sept 22, 2021.
             Mangled by a meat berserker (82 damage)
             ... in the Dungeon (Sprint VIII: "Arena of Blood").
             The game lasted 00:01:03 (9 turns).

varam the Spry (Djinni Hedge Wizard)                   Turns: 9, Time: 00:01:04

Health: -7/75      AC:  2    Str:  9    XL:     13   Next: 12%
Gold:   0          EV: 22    Int: 20    God:
                   SH:  0    Dex: 14

rFire   + + .      SeeInvis .   d - +∞ Axe of Woe
rCold   x . .      Faith    .   (shield currently unavailable)
rNeg    . . .      Spirit   .   b - +0 robe
rPois   ∞          Reflect  .   c - +0 hat
rElec   .          Harm     .   (no cloak)
rCorr   .          Rampage  .   (no gloves)
Will    +....      NoTele   +   (boots unavailable)
Stlth   +++++++...              (no amulet)
HPRegen 0.22/turn               (no ring)
MPRegen 0.00/turn               (no ring)

@: flying
A: sickness immunity, fire resistance 2, cold vulnerability 1, float, innate
caster, hp casting, extra vitality 1
a: no special abilities


You were in the Dungeon.
You visited 1 branch

Inventory:

Hand Weapons
 a - a +0 dagger
 d - the +∞ Axe of Woe (weapon)
   (You found it in the Dungeon)
Armour
 b - a +0 robe (worn)
 c - a +0 hat (worn)
Scrolls
 f - a scroll of blinking
Potions
 g - a potion of berserk rage
 h - a potion of haste
 q - a potion of curing
 w - a potion of heal wounds


   Skills:
 + Level 20.4 Dodging
 + Level 17.5 Stealth
 + Level 15.0 Spellcasting


You had 11 spell levels left.
You knew the following spells:

 Your Spells              Type           Power      Damage    Failure   Level
a - Magic Dart            Conj           100%       1d8       0%          1
b - Blink                 Tloc           N/A        N/A       0%          2
c - Call Imp              Summ           66%        N/A       0%          2
d - Slow                  Hex            66%        N/A       0%          2
e - Conjure Flame         Conj/Fire      66%        6-21      1%          3
f - Mephitic Cloud        Conj/Pois/Air  66%        N/A       1%          3
g - Sting                 Tmut/Pois      100%       1d8       0%          1
h - Static Discharge      Conj/Air       66%        N/A       0%          2
i - Ensorcelled Hibernat  Hex/Ice        100%       N/A       0%          2
j - Lesser Beckoning      Tloc           66%        N/A       1%          3
k - Alistair's Intoxicat  Tmut/Pois      44%        N/A       1%          5
l - Summon Mana Viper     Hex/Summ       66%        N/A       1%          5
Your spell library was empty.

Dungeon Overview and Level Annotations

Branches:
Dungeon (1/1)

Altars:
Makhleb


Innate Abilities, Weirdness & Mutations

You are immune to sickness and miasma.
You are immune to poison.
Your flesh is very heat resistant. (rF++)
You are vulnerable to cold. (rC-)
You float through the air rather than walking.
You learn spells naturally, not from books.
Your magical power is your life essence.
You have superior vitality. (+4 HP)


Message History

The power to cast Lesser Beckoning wells up from within.
Spell assigned to 'j'.
You have reached level 10!
You have reached level 11!
The power to cast Alistair's Intoxication wells up from within.
Spell assigned to 'k'.
You have reached level 12!
Your experience leads to an increase in your attributes!
Increase (s)trength, (i)ntelligence, or (d)exterity?
You feel clever.
You feel agile.
Cast which spell? (? or * to list)
Aiming: Mephitic Cloud (safe; 1% risk of failure)
Press: ? - help, Shift-Dir - straight line, f - bag of meat
Aim: a bag of meat, wielding a +9 war axe and wearing a +30 ring of slaying (chance to affect: 2%)
Okay, then.
You hear a shout! x2
You slash the bag of meat!
You butcher the bag of meat messily.
You kill the bag of meat!
You hear a shout! x6
A meat berserker comes into view. It is wielding a +9 battleaxe.
You hear a shout!
The bag of meat barely misses you. The bag of meat completely misses you.
You hear a shout!
Your Dodging skill gained 2 levels and is now at level 20!
Your Stealth skill increases to level 17!
Your Spellcasting skill gained 2 levels and is now at level 15!
You have reached level 13!
The power to cast Summon Mana Viper wells up from within.
Spell assigned to 'l'.
You slash the bag of meat!
You pulverise the bag of meat into a thin bloody mist.
You kill the bag of meat!
You slash the bag of meat!
You hew the bag of meat savagely.
You kill the bag of meat!
You hit the bag of meat. You chop the bag of meat into pieces.
You kill the bag of meat!
You hear a shout! x13
The meat berserker hits you with a +9 battleaxe!!!!
Ouch! That really hurt!
You die...

.... ... .o #..
.# . #... ..#
...###... ..###.
........###..o...
#........_......
.... #.@)).#
..... #_oO._#
......#...o.#..
#........_......
........###o.....
...###... ..###.
.. #.... ..#
#..... .#
.......o.


You could see a meat berserker (berserk) and 4 bags of meat.

Vanquished Creatures
  An ogre (D)
  4 orcs (D)
5 creatures vanquished.

Notes
Turn   | Place    | Note
-------+----------+-------------------------------------------
     0 | D        | Found the +∞ Axe of Woe
     0 | D        | varam the Djinni Hedge Wizard began the quest for the Orb.
     0 | D        | Reached XP level 1. HP: 15/15 MP: 0/0
     1 | D        | Noticed a bag of meat
     2 | D        | Noticed a bag of meat
     3 | D        | Noticed a bag of meat
     3 | D        | Noticed a bag of meat
     3 | D        | Noticed a bag of meat
     4 | D        | Noticed a bag of meat
     6 | D        | Noticed a meat berserker
     6 | D        | Killed a meat berserker
     6 | D        | Noticed a bag of meat
     6 | D        | Noticed a bag of meat
     6 | D        | Noticed a bag of meat
     6 | D        | Noticed a bag of meat
     7 | D        | Reached skill level 18 in Dodging
     7 | D        | Reached XP level 2. HP: 21/21 MP: 0/0
     7 | D        | Reached XP level 3. HP: 25/25 MP: 0/0
     7 | D        | Learned a level 1 spell: Sting
     7 | D        | Reached XP level 4. HP: 31/31 MP: 0/0
     7 | D        | Reached XP level 5. HP: 35/35 MP: 0/0
     7 | D        | Learned a level 2 spell: Static Discharge
     7 | D        | Reached XP level 6. HP: 40/40 MP: 0/0
     7 | D        | Reached XP level 7. HP: 45/45 MP: 0/0
     7 | D        | Learned a level 2 spell: Ensorcelled Hibernation
     7 | D        | Reached XP level 8. HP: 50/50 MP: 0/0
     7 | D        | Reached XP level 9. HP: 55/55 MP: 0/0
     7 | D        | Learned a level 3 spell: Lesser Beckoning
     7 | D        | Reached XP level 10. HP: 60/60 MP: 0/0
     7 | D        | Reached XP level 11. HP: 65/65 MP: 0/0
     7 | D        | Learned a level 5 spell: Alistair's Intoxication
     7 | D        | Reached XP level 12. HP: 70/70 MP: 0/0
     8 | D        | Killed a bag of meat
     8 | D        | Noticed a meat berserker
     9 | D        | Reached skill level 20 in Dodging
     9 | D        | Reached skill level 15 in Spellcasting
     9 | D        | Reached XP level 13. HP: 75/75 MP: 0/0
     9 | D        | Learned a level 5 spell: Summon Mana Viper
     9 | D        | Killed a bag of meat
     9 | D        | Killed a bag of meat
     9 | D        | Killed a bag of meat
     9 | D        | Mangled by a meat berserker

Illustrated notes

Levels and vault maps discovered:
D:        meatsprint

Skill      XL: |  1  2  3  4  5  6  7  8  9 10 11 12 |
---------------+-------------------------------------+-----
Dodging        | 18 20 | 20.4
Stealth        | 16 17 | 17.5
Spellcasting   | 13 15 | 15.0

Action                   |  1- 3 |  4- 6 |  7- 9 | 10-12 | 13-15 || total
-------------------------+-------+-------+-------+-------+-------++-------
Melee: Executioner's axe |     1 |       |       |     1 |     1 ||     3
Dodge: Dodged            |       |       |       |     2 |       ||     2

Table legend: (Time is in decaauts)
 A = Elapsed time spent in this place.
 B = Non-inter-level travel time spent in this place.
 C = Inter-level travel time spent in this place.
 D = Time resting spent in this place.
 E = Time spent auto-exploring this place.
 F = Levels seen in this place.
 G = Mean time per level.
                   A        B        C        D        E       F      G
               +--------+--------+--------+--------+--------+-----+--------+
         Total |     10 |     10 |      0 |      0 |      0 |   1 |   10.0 |
       Dungeon |     10 |     10 |      0 |      0 |      0 |   1 |   10.0 |
               +--------+--------+--------+--------+--------+-----+--------+

Top non-repeatable levels by time:
       D: 10 daAuts
